 Dungeon Crawl Stone Soup version 0.26-a0-1191-ge2a0e31ab3 (webtiles) character file.

Game seed: 4340880041679403588

179 DuloT34 the Chiller (level 5, -34/28 HPs)
             Began as a Deep Elf Ice Elementalist on Dec 28, 2020.
             Killed from afar by a howler monkey (42 damage)
             ... with an exploding inner flame
             ... on level 4 of the Dungeon.
             The game lasted 00:07:42 (2698 turns).

DuloT34 the Chiller (Deep Elf Ice Elementalist)     Turns: 2698, Time: 00:07:43

Health: -34/28     AC:  3    Str:  5    XL:     5   Next: 32%
Magic:  14/15      EV: 13    Int: 21    God:
Gold:   129        SH:  5    Dex: 15    Spells: 14/15 levels left

rFire    . . .     SeeInvis .   e - +0 dagger
rCold    + . .     Faith    .   (no shield)
rNeg     . . .     Spirit   .   a - +0 robe
rPois    .         Reflect  +   (no helmet)
rElec    .         Harm     .   (no cloak)
rCorr    .         Rampage  .   m - +0 pair of gloves
Will     .....                  (no boots)
Stlth    ++........             h - amulet of reflection
HPRegen  0.09/turn              i - ring of protection from cold
MPRegen  0.14/turn              (no ring)

@: no status effects
A: no striking features
a: no special abilities


You were on level 4 of the Dungeon.
You visited 1 branch of the dungeon, and saw 4 of its levels.

You collected 129 gold pieces.

Inventory:

Hand Weapons
 e - a +0 dagger (weapon)
Armour
 a - a +0 robe (worn)
 m - a +0 pair of gloves (worn)
Jewellery
 h - an amulet of reflection (around neck)
 i - a ring of protection from cold (left hand)
 p - a +6 ring of strength
Scrolls
 b - 3 scrolls of identify
 l - 2 scrolls of teleportation
Potions
 d - a potion of magic
 f - 3 potions of curing
 g - a potion of invisibility
 j - 2 potions of lignification
 n - a potion of resistance {unknown}
 o - a potion of degeneration {unknown}
 q - a potion of attraction {unknown}


   Skills:
 - Level 2.4 Dodging
 - Level 2.4 Stealth
 + Level 5.7 Spellcasting
 + Level 6.0 Ice Magic


You had 14 spell levels left.
You knew the following spells:

 Your Spells              Type           Power        Failure   Level
a - Freeze                Ice            100%         1%          1

Your spell library contained the following spells:

 Spells                   Type           Power        Failure   Level
 Frozen Ramparts          Ice            62%          2%          3
 Ozocubu's Armour         Ice            31%          2%          3
 Hailstorm                Conj/Ice       18%          28%         4
 Summon Ice Beast         Ice/Summ       18%          28%         4


Dungeon Overview and Level Annotations

Branches:
Dungeon (4/15)
 Temple: D:4-7

Altars:
Ashenzari
Trog
Uskayaw

Annotations:
D:2 Sigmund


Message History

You see here a purple potion.
q - a purple potion The phantom blinks!
As you read the scroll labelled IPEZEU FAOXZI, it crumbles to dust.
You feel blessed for a moment.
It was a scroll of remove curse.
As you read the scroll labelled CAESUD UBINK, it crumbles to dust.
The creatures around you are filled with an inner flame!
It was a scroll of immolation.
Casting: Freeze (safe; 1% risk of failure)
Confirm with . or Enter, or press ? or * to list all spells.
Aiming: Freeze (safe; 1% risk of failure)
Press: ? - help, Shift-Dir - straight line, f - howler monkey
Aim: a howler monkey (inner flame)
You freeze the howler monkey!
Flame seeps out of the howler monkey.
The howler monkey is heavily wounded.
The howler monkey is engulfed in blazing flames.
The howler monkey explodes!
The fiery explosion engulfs you!!!
Ouch! That really hurt!
You die...

...........
.##.......####
.............>
#.W......# #........#
#....h...########
#...............#
#.......#######.##.###
#...........§○@.......
################.##.##
.# .. .. #.


There were no monsters in sight!

Vanquished Creatures
  A scorpion (D:3)
  A howler monkey (D:4)
  Terence (D:2)
  4 adders (D:3)
  2 worms
  2 leopard geckos (D:3)
  5 orcs (D:3)
  5 giant cockroaches
  7 goblins
  5 hobgoblins
  3 jackals (D:3)
  9 bats
  A frilled lizard (D:2)
  6 kobolds
  6 rats
58 creatures vanquished.

Notes
Turn   | Place    | Note
-------+----------+-------------------------------------------
     0 | D:1      | DuloT34 the Deep Elf Ice Elementalist began the quest for
                  | the Orb.
     0 | D:1      | Reached XP level 1. HP: 10/10 MP: 6/6
   332 | D:1      | Reached XP level 2. HP: 15/15 MP: 5/8
  1083 | D:2      | Reached skill level 5 in Ice Magic
  1083 | D:2      | Reached XP level 3. HP: 18/19 MP: 6/10
  1141 | D:2      | Noticed Sigmund
  1780 | D:3      | Found a broken altar of Ashenzari.
  1787 | D:3      | Found a bloodstained altar of Trog.
  1791 | D:3      | Reached XP level 4. HP: 24/24 MP: 9/12
  1813 | D:3      | Found a hide-covered altar of Uskayaw.
  1890 | D:3      | Noticed Terence
  1928 | D:2      | Killed Terence
  1929 | D:2      | Reached skill level 5 in Spellcasting
  2184 | D:3      | Found a faded altar of an unknown god.
  2449 | D:4      | Noticed an ice beast
  2473 | D:3      | Reached skill level 6 in Ice Magic
  2473 | D:3      | Reached XP level 5. HP: 19/28 MP: 11/15
  2681 | D:4      | Noticed a phantom
  2698 | D:4      | Killed from afar by a howler monkey

Illustrated notes

Levels and vault maps discovered:
D:1:      lemuel_arrival_hallway, layout_rooms, minmay_hedge_maze,
          minmay_misc_feat_roman
D:2:      layout_basic, grunt_temple_overflow_order_and_chaos_1, uniq_sigmund
D:3:      layout_loops_ring, grunt_temple_overflow_diamond,
          chequers_ecumenical_altar_island, uniq_terence
D:4:      layout_basic, minmay_temple_entry_steel_oval, serial_shops,
          nicolae_shop_trees, kennysheep_windowed_goal

Skill      XL: |  1  2  3  4 |
---------------+-------------+-----
Spellcasting   | 4 5 |  5.7
Ice Magic      | 5 6 |  6.0
Dodging        | |  2.4
Stealth        | |  2.4

Action                   |  1- 3 |  4- 6 || total
-------------------------+-------+-------++-------
Melee: Unarmed           |     1 |       ||     1
       Dagger            |     9 |    25 ||    34
 Cast: Freeze            |    54 |    34 ||    88
  Use: Scroll            |     3 |     7 ||    10
       Potion            |       |     2 ||     2
Armor: Robe              |    24 |     8 ||    32
Dodge: Dodged            |    54 |    30 ||    84
Block: Other             |    12 |    15 ||    27

Table legend: (Time is in decaauts)
 A = Elapsed time spent in this place.
 B = Non-inter-level travel time spent in this place.
 C = Inter-level travel time spent in this place.
 D = Time resting spent in this place.
 E = Time spent auto-exploring this place.
 F = Levels seen in this place.
 G = Mean time per level.
                   A        B        C        D        E       F      G
               +--------+--------+--------+--------+--------+-----+--------+
         Total |   2702 |   2679 |     23 |    398 |   1666 |   4 |  675.5 |
       Dungeon |   2702 |   2679 |     23 |    398 |   1666 |   4 |  675.5 |
               +--------+--------+--------+--------+--------+-----+--------+

Top non-repeatable levels by time:
     D:3: 1234 daAuts
     D:1: 901 daAuts
     D:2: 407 daAuts
     D:4: 159 daAuts
